 Dungeon Crawl Stone Soup version 0.20-a0-522-g0b37eee (webtiles) character file.

231 HarryHood the Skirmisher (level 6, -5/41 HPs)
             Began as a Gargoyle Berserker on Jan 26, 2017.
             Was a Priest of Trog.
             Killed by divine providence
             ... invoked by an orc priest
              (10 damage)
             ... on level 3 of the Dungeon.
             The game lasted 00:09:57 (2574 turns).

HarryHood the Skirmisher (Gargoyle Berserker)       Turns: 2574, Time: 00:09:58

Health: -5/41      AC: 15    Str: 21    XL:     6   Next: 4%
Magic:  6/6        EV:  8    Int:  7    God:    Trog [***...]
Gold:   118        SH:  0    Dex: 11    Spells: 5/5 levels left

rFire    . . .     SeeInvis .   m - +0 flail (curse)
rCold    . . .     Gourm    .   h - +0 chain mail
rNeg     + . .     Faith    .   (no shield)
rPois    ∞         Spirit   .   (no helmet)
rElec    +         Reflect  .   (no cloak)
rCorr    .         Harm     .   (no gloves)
MR       .....                  k - +1 pair of boots
Stlth    ..........             (no amulet)
Regen    0.2/turn               (no ring)
                                (no ring)

@: exhausted, about to teleport, slowed, very slow
A: negative energy resistance 1, electricity resistance, unbreathing,
petrification resistance, rot immunity, AC +4
a: Berserk, Trog's Hand, Burn Spellbooks, Renounce Religion


You were on level 3 of the Dungeon.
You worshipped Trog.
Trog was most pleased with you.
You were not hungry.

You visited 1 branch of the dungeon, and saw 3 of its levels.

You collected 118 gold pieces.

Inventory:

Hand Weapons
 m - a cursed +0 flail (weapon)
Armour
 h - a +0 chain mail (worn)
 k - a +1 pair of boots (worn)
Scrolls
 a - a scroll of remove curse {@r2}
 f - a scroll of magic mapping {unknown}
Potions
 b - 2 potions of magic
 e - a potion of agility
 g - a potion of curing {unknown}
 i - a potion of degeneration {unknown}
Comestibles
 c - 3 bread rations {@e1}
 d - 6 chunks of flesh
 j - 3 fruits {@e2}
 o - 2 meat rations {@e1}


   Skills:
 - Level 6.0 Fighting
 * Level 4.6 Maces & Flails
 - Level 2.1 Armour
 - Level 1.5 Dodging


You had 5 spell levels left.
You didn't know any spells.

Dungeon Overview and Level Annotations

Branches:
Dungeon (3/15)

Altars:
Xom
Yredelemnul

Annotations:
D:3 Robin


Innate Abilities, Weirdness & Mutations

You are resistant to torment.
Your stone body is resilient. (AC +4)
You are immune to poison.
You resist negative energy. (rN+)
You are resistant to electric shocks. (rElec)
You can survive without breathing.
You are immune to petrification.
You are immune to rotting.


Message History

The orc priest is lightly wounded.
The orc priest hits you but does no damage.
Robin of the Strong Arm comes into view.
She is wielding a mace.
Robin roars a battlecry!
You hear a shout! x4
You sock the orc priest!
The orc priest is almost dead.
The orc priest hits you but does no damage.
The orc priest hits you with a flail.
* * * LOW HITPOINT WARNING * * *
2 goblins come into view.
The orc priest mumbles some strange prayers to Beogh against you.
You barely resist.
Robin roars a battlecry!
You hear a shout! x2
As you read the scroll of teleportation {@r0}, it crumbles to dust.
You feel strangely unstable.
The orc priest mumbles some strange prayers to Beogh against you.
Beogh smites you!
You die...

. #..###..##..#≈≈≈#≈≈≈≈
.. #.. #..##....≈≈≈≈≈≈#
..g#..###..###.#.#.≈≈#≈≈
.g...........#..##≈≈.≈
...#.##.#..###########..
....b.bo...# ###
#.####)##.# #g##.#
#@##.# ...........#
##.####.#### ..# ###


You could see Robin, an orc priest and a bat.

Vanquished Creatures
  An orc priest (D:3)
  Jessica (D:3)
  6 adders
  2 oozes
  A worm (D:2)
  10 dart slugs
  5 leopard geckos (D:1)
  5 orcs (D:3)
  5 bats
  5 giant cockroaches
  10 goblins
  9 hobgoblins
  8 jackals
  2 kobolds
  4 frilled lizards
  6 rats
80 creatures vanquished.

Notes
Turn   | Place    | Note
-------+----------+-------------------------------------------
     0 | D:1      | HarryHood the Gargoyle Berserker began the quest for the Orb.
     0 | D:1      | Reached XP level 1. HP: 14/14 MP: 1/1
   192 | D:1      | Reached XP level 2. HP: 12/20 MP: 2/2
   331 | D:1      | Reached skill level 4 in Fighting
   545 | D:1      | Reached XP level 3. HP: 21/24 MP: 3/3
   913 | D:1      | Reached ** piety under Trog
   933 | D:1      | Reached skill level 5 in Fighting
  1097 | D:2      | Found a shimmering altar of Xom.
  1332 | D:2      | Reached XP level 4. HP: 31/31 MP: 4/4
  1765 | D:2      | Found a faded altar of an unknown god.
  1827 | D:2      | Reached skill level 6 in Fighting
  1913 | D:2      | Reached XP level 5. HP: 28/36 MP: 5/5
  1998 | D:2      | Found a basalt altar of Yredelemnul.
  2428 | D:3      | Reached *** piety under Trog
  2472 | D:3      | Noticed Jessica
  2490 | D:3      | Killed Jessica
  2490 | D:3      | Reached skill level 4 in Maces & Flails
  2556 | D:3      | Reached XP level 6. HP: 38/41 MP: 6/6
  2571 | D:3      | Noticed Robin
  2571 | D:3      | HP: 4/41 [orc priest/flail (1)]
  2574 | D:3      | Killed from afar by an orc priest

Vault maps used:
D:1:      shiori_arrival_maze
D:2:      xom_teletrap_fun, yredelemnul_altar_generic, serial_forest,
          infiniplex_forest_lined_room_2, infiniplex_forest_lined_ring,
          infiniplex_forest_lined_ring, infiniplex_forest_end_3,
          infiniplex_forest_straight_4, infiniplex_forest_lined_corner,
          chequers_ecumenical_altar_island
D:3:      kennysheep_slugbush, item_on_display_a, uniq_jessica, uniq_iyjb,
          uniq_robin

Skill      XL: |  1  2  3  4  5 |
---------------+----------------+-----
Fighting       | 4 5 6 |  6.0
Maces & Flails | 4 |  4.6
Armour         | |  2.1
Dodging        | |  1.5

Action                   |  1- 3 |  4- 6 || total
-------------------------+-------+-------++-------
Melee: Mace              |   155 |   125 ||   280
       Flail             |       |    50 ||    50
Invok: Berserk           |       |     1 ||     1
  Use: Scroll            |     3 |     6 ||     9
  Eat: Chunk             |     2 |     5 ||     7
Armor: Animal skin       |     6 |       ||     6
       Chain mail        |   100 |   131 ||   231
Dodge: Dodged            |    86 |    78 ||   164
